 Dungeon Crawl Stone Soup version 0.32-a0-39-g5c88369fb2 (webtiles) character file.

Game seed: 1003392461140271347

637 Ge0ff the Magician (level 7, -2/52 HPs)
             Began as a Mummy Cinder Acolyte on Jan 30, 2024.
             Was a High Priest of Ignis.
             Slain by a black bear (4 damage)
             ... on level 4 of the Dungeon.
             The game lasted 00:07:03 (5463 turns).

Ge0ff the Magician (Mummy Cinder Acolyte)           Turns: 5463, Time: 00:07:03

Health: -2/52      AC:  4    Str: 20    XL:     7   Next: 25%
Magic:  2/15       EV: 11    Int: 16    God:    Ignis [*****.]
Gold:   251        SH:  5    Dex:  7    Spells: 14/17 levels left

rFire   . . .        a - -1 spear (flame)
rCold   + . .        (no shield)
rNeg    + + +        c - +0 robe
rPois   ∞            (no helmet)
rElec   .            (no cloak)
rCorr   .            w - +0 pair of gloves
SInv    .            U - +0 pair of boots
Will    .....        R - amulet of the Genius {Reflect Fly Str+3 SH+5}
Stlth   ++           (no ring)
HPRegen 0.28/turn    (no ring)
MPRegen 0.14/turn

%: reflection, faith
@: flying, studying Fighting
A: cold resistance 1, negative energy resistance 3, torment resistance 2, heat
vulnerability 1, in touch with death 1, no potions, faith
a: Renounce Religion, Fiery Armour, Foxfire Swarm, Rising Flame


You were on level 4 of the Dungeon.
You worshipped Ignis.
Ignis was extremely pleased with you.
You visited 2 branches of the dungeon, and saw 5 of its levels.

You collected 251 gold pieces.

Inventory:

Hand Weapons
 a - a -1 spear of flaming (weapon)
 V - a +1 short sword of speed
Missiles
 d - 15 stones
 h - 2 atropa-tipped darts
 v - 4 curare-tipped darts {=F}
 W - 2 boomerangs
Armour
 c - a +0 robe (worn)
 w - a +0 pair of gloves (worn)
 U - a +0 pair of boots (worn)
Magical Staves
 b - a staff of conjuration
Jewellery
 R - the amulet of the Genius (around neck) {Reflect Fly Str+3 SH+5}
   (You took it off a hobgoblin on level 4 of the Dungeon)

   [amulet of reflection]

   Reflect:   It reflects blocked missile attacks.
   Str+3:     It affects your strength (+3).
   Fly:       It grants you flight.
   SH+5:      It affects your SH (+5).
Wands
 s - a wand of mindburst (14)
Scrolls
 x - a scroll of revelation {unknown}
 B - a scroll of blinking
 Q - a scroll of fear {unknown}
 S - 2 scrolls of summoning
 T - 2 scrolls of teleportation
 X - a scroll of vulnerability {unknown}
 Y - a scroll of brand weapon {unknown}
 Z - a scroll of amnesia {unknown}


   Skills:
 - Level 3.0 Fighting
 - Level 2.4 Polearms
 - Level 2.0 Stealth
 + Level 5.9 Spellcasting
 + Level 4.7 Fire Magic
 - Level 2.0 Evocations


You had 14 spell levels left.
You knew the following spells:

 Your Spells              Type           Power      Damage    Failure   Level
g - Apportation           Tloc           8%         N/A       14%         1
C - Scorch                Fire           40%        2d6       3%          2

Your spell library contained the following spells:

 Spells                   Type           Power      Damage    Failure   Level
 Necrotise                Necr           28%        1d5       14%         1
 Sting                    Conj/Alch      16%        1d4       14%         1
 Summon Small Mammal      Summ           16%        N/A       14%         1
 Call Imp                 Summ           8%         N/A       22%         2
 Summon Hydra             Summ           2%         N/A       100%        7
 Sublimation of Blood     Necr           Unusable   N/A       N/A         2

Dungeon Overview and Level Annotations

Branches:
Dungeon (4/15) Zot: 18529  Temple (1/1) D:4 Zot: 5998

Altars:
Ashenzari
Cheibriados
Dithmenos
Fedhas
Hepliaklqana
Nemelex Xobeh
Okawaru
Qazlal
Ru
Sif Muna
Trog
Uskayaw
Vehumet
Wu Jian
Xom

Shops:
D:4 (


Innate Abilities, Weirdness & Mutations

You are immune to poison.
Your flesh is cold resistant. (rC+)
You are immune to negative energy. (rN+++)
You are immune to unholy pain and torment.
You are vulnerable to heat. (rF-)
You are in touch with the powers of death.
You do not drink.
You have a special connection with the divine. (Faith)


Message History

Flames lash the black bear.
The black bear growls angrily.
The black bear is heavily wounded.
The black bear's fire resistance burns away.
You hear a bark!
You hear an angry hiss.
Casting: Scorch (safe; 3% risk of failure)
Confirm with . or Enter, or press ? or * to list all spells.
Flames lash the jackal.
You kill the jackal!
You hear a bark!
A jackal comes into view.
The black bear bites you. The black bear barely misses you.
The black bear claws you.
Casting: Scorch (safe; 3% risk of failure)
Confirm with . or Enter, or press ? or * to list all spells.
Flames lash the black bear.
The black bear is burned terribly!
The black bear is severely wounded.
A jackal comes into view.
The black bear goes berserk!
Casting: Scorch (safe; 3% risk of failure)
Confirm with . or Enter, or press ? or * to list all spells.
Flames lash the jackal.
You kill the jackal!
You block the black bear's attack. The black bear claws you. x2
Casting: Scorch (safe; 3% risk of failure)
Confirm with . or Enter, or press ? or * to list all spells.
Flames lash the black bear but do no damage.
You hear an angry hiss.
The black bear bites you! You block the black bear's attack.
The black bear barely misses you. x2; The black bear claws you.
The black bear misses you.
Casting: Scorch (safe; 3% risk of failure)
Confirm with . or Enter, or press ? or * to list all spells.
Flames lash the jackal.
The jackal is moderately wounded.
The jackal's fire resistance burns away.
The black bear bites you. The black bear claws you.
You block the black bear's attack.
Casting: Scorch (safe; 3% risk of failure)
Confirm with . or Enter, or press ? or * to list all spells.
Flames lash the jackal.
The jackal is heavily wounded.
The black bear bites you!
* * * LOW HITPOINT WARNING * * *
The black bear closely misses you. The black bear claws you.
* * * LOW HITPOINT WARNING * * *
You block the black bear's attack.
The black bear claws you but does no damage.
The black bear claws you.
You die...

##..####...#####
##..# #...#
##.###...#
#..##...#
##.###.##########.#
#.......##.......#
#..#....##.#####.#
#.......##.####
#...........@.#
#.......##.##h#
#.......##.# h#
#....)..#### †.
#.#....##♣♣♣####
#.#....#♣...♣
#..##.##♣.>.♣
##......#♣...♣
#.......##♣.♣#


You could see a black bear (berserk, combustible) and a jackal (combustible).

Vanquished Creatures
  An ogre (D:4)
  A bullfrog (D:4)
  2 bombardier beetles
  A gnoll bouda (D:4)
  Jessica (D:2)
  Natasha (thrice) (D:3)
  An iguana (D:4)
  9 gnolls
  7 adders
  3 dart slugs
  3 ribbon worms
  6 orcs
  9 bats
  8 endoplasms
  5 giant cockroaches
  5 goblins
  13 hobgoblins
  3 jackals (D:4)
  4 quokkas
  8 ball pythons
  3 frilled lizards (D:2)
  3 kobolds (D:1)
  8 rats
107 creatures vanquished.

Vanquished Creatures (others)
  10 foxfires (D:3)
10 creatures vanquished.

Grand Total: 117 creatures vanquished

Notes
Turn   | Place    | Note
-------+----------+-------------------------------------------
     0 | D:1      | Ge0ff the Mummy Cinder Acolyte began the quest for the Orb.
     0 | D:1      | Reached XP level 1. HP: 18/18 MP: 2/2
   258 | D:1      | Reached XP level 2. HP: 24/24 MP: 4/4
   261 | D:1      | Learned a level 2 spell: Scorch
   341 | D:1      | Reached skill level 1 in Stealth
   341 | D:1      | Reached skill level 2 in Spellcasting
  1058 | D:2      | Reached XP level 3. HP: 29/29 MP: 3/6
  1793 | D:2      | Noticed Jessica
  1797 | D:2      | Killed Jessica
  1798 | D:2      | Reached XP level 4. HP: 35/35 MP: 0/8
  2240 | D:2      | Reached skill level 1 in Evocations
  2471 | D:2      | Reached skill level 3 in Spellcasting
  2668 | D:3      | Noticed Natasha
  2673 | D:3      | Killed Natasha
  2674 | D:3      | Reached XP level 5. HP: 41/41 MP: 0/9
  3077 | D:3      | Noticed Natasha
  3080 | D:3      | Killed Natasha
  3332 | D:3      | Found a hide-covered altar of Uskayaw.
  3510 | D:3      | Noticed Natasha
  3535 | D:3      | Killed Natasha
  3536 | D:3      | Reached skill level 4 in Spellcasting
  3874 | D:3      | Reached XP level 6. HP: 32/47 MP: 3/12
  4445 | D:4      | Reached skill level 5 in Spellcasting
  4551 | D:4      | Found a staircase to the Ecumenical Temple.
  4558 | Temple   | Entered the Ecumenical Temple
  4563 | D:4      | Learned a level 1 spell: Apportation
  4679 | D:4      | Reached XP level 7. HP: 35/52 MP: 4/15
  4759 | D:4      | Identified the amulet of the Genius {Reflect Fly Str+3
                  | SH+5}
  4825 | D:4      | Found a snail-covered altar of Cheibriados.
  5189 | D:4      | Found a hazy altar of Hepliaklqana.
  5303 | D:4      | Found Tiwintenwu's Weapon Boutique.
  5463 | D:4      | HP: 2/52 [black bear (4)]
  5463 | D:4      | Slain by a black bear

Illustrated notes

Levels and vault maps discovered:
D:1:      sevenhm_arrival_forest_fort_small_1, layout_loops_ring,
          hangedman_decor_slide_cut
D:2:      minmay_door_path, layout_basic, uniq_jessica
D:3:      minmay_general_purpose_star, layout_basic,
          eat_drink_and_be_merry_uskayaw, minmay_misc_feat_four_crosses,
          uniq_natasha
D:4:      layout_loops_cross, mainiacjoe_overflow_brackets,
          nzn_hepliaklqana_mist_gate, minmay_temple_entry_enclosed_plants,
          serial_shops, shop, minmay_large_rounded_square, nrook_uturn,
          minmay_manual_mail
Temple:   eino_temple_water

Skill      XL: |  1  2  3  4  5  6 |
---------------+-------------------+-----
Stealth        | 1 2 |  2.0
Spellcasting   | 2 3 4 5 |  5.9
Fire Magic     | 3 4 |  4.7
Evocations     | 1 2 |  2.0
Fighting       | |  3.0
Polearms       | |  2.4

Action                     |  1- 3 |  4- 6 |  7- 9 || total
---------------------------+-------+-------+-------++-------
  Melee: Spear             |    47 |    23 |     3 ||    73
   Cast: Scorch            |    31 |    78 |    35 ||   144
 Invoke: Foxfire Swarm     |       |     1 |       ||     1
         Fiery Armour      |       |     1 |       ||     1
    Use: Scroll            |     2 |       |     1 ||     3
 Armour: Robe              |    19 |    28 |    21 ||    68
  Dodge: Dodged            |    24 |    29 |    15 ||    68
  Block: Other             |       |       |    10 ||    10

Table legend: (Time is in decaauts)
 A = Elapsed time spent in this place.
 B = Non-inter-level travel time spent in this place.
 C = Inter-level travel time spent in this place.
 D = Time resting spent in this place.
 E = Time spent auto-exploring this place.
 F = Levels seen in this place.
 G = Mean time per level.
                   A        B        C        D        E       F      G
               +--------+--------+--------+--------+--------+-----+--------+
         Total |   5471 |   5386 |     85 |    136 |   4501 |   5 | 1094.2 |
       Dungeon |   5469 |   5384 |     85 |    136 |   4501 |   4 | 1367.2 |
        Temple |      1 |      1 |      0 |      0 |      0 |   1 |    1.0 |
               +--------+--------+--------+--------+--------+-----+--------+

Top non-repeatable levels by time:
     D:3: 1916 daAuts
     D:2: 1719 daAuts
     D:1: 938 daAuts
     D:4: 894 daAuts
  Temple: 1 daAuts
